 Dungeon Crawl Stone Soup version 0.30-a0-596-g0af90f9 (webtiles) character file.

Game seed: 10897904260789297383

739 milkiemew the Slasher (level 7, 0/78 HPs)
             Began as a Demonspawn Gladiator on Jan 6, 2023.
             Slain by a gnoll
             ... wielding a +0 club
             ... led by a gnoll bouda
              (1 damage)
             ... on level 5 of the Dungeon.
             The game lasted 00:15:01 (3119 turns).

milkiemew the Slasher (Demonspawn Gladiator)        Turns: 3119, Time: 00:15:01

Health: 0/78       AC: 23    Str: 16    XL:     7   Next: 46%
Magic:  7/7        EV:  2    Int:  9    God:
Gold:   347        SH:  0    Dex: 15    Spells: 6/6 levels left

rFire   . . .      SeeInvis .    q - +2 flail (protect)
rCold   . . .      Faith    .    (no shield)
rNeg    . . .      Spirit   .    (body armour currently unavailable)
rPois   +          Reflect  .    (helmet currently unavailable)
rElec   .          Harm     .    (cloak currently unavailable)
rCorr   .          Rampage  .    (gloves currently unavailable)
Will    .....      NoTele   +    (boots currently unavailable)
Stlth   +                        (no amulet)
HPRegen 0.33/turn                (no ring)
MPRegen 0.10/turn                (no ring)

@: lethally poisoned (0 -> -11), tree-form
A: stationary, stasis, torment immunity, boosted hp, (sturdy frame 1), (demonic
touch 2)
a: no special abilities


You were on level 5 of the Dungeon.
You were a tree.
You visited 1 branch of the dungeon, and saw 5 of its levels.

You collected 347 gold pieces.

Inventory:

Hand Weapons
 a - a +0 long sword
 b - a +4 quarterstaff of chaos
 d - a +1 scythe of holy wrath
 p - a +0 whip of holy wrath
 q - a +2 flail of protection (weapon)
 v - a +0 hammer
Missiles
 y - a javelin (quivered)
Armour
 c - a +0 helmet (melded)
 j - a +0 plate armour
 o - a +0 cloak of preservation (melded)
 u - a +2 scale mail of cold resistance (melded)
Jewellery
 n - a ring of fire
Scrolls
 f - 4 scrolls of teleportation
 g - a scroll of vulnerability {unknown}
 h - 2 scrolls of magic mapping
 k - a scroll of immolation
 t - a scroll of noise
 w - a scroll of identify
Potions
 e - 3 potions of brilliance
 l - a potion of attraction
 m - a potion of ambrosia
 r - a potion of flight {unknown}
 s - a potion of lignification
 x - a potion of heal wounds {unknown}


   Skills:
 + Level 3.6 Fighting
 + Level 6.0 Long Blades
 + Level 2.4 Staves
 + Level 2.2 Throwing
 + Level 2.4 Armour
 + Level 3.1 Dodging


You had 6 spell levels left.
You didn't know any spells.
Your spell library contained the following spells:

 Spells                   Type           Power      Damage    Failure   Level
 Gell's Gravitas          Tloc           0%         N/A       77%         3
 Lesser Beckoning         Tloc           0%         N/A       77%         3
 Teleport Other           Tloc           0%         N/A       77%         3
 Conjure Ball Lightning   Conj/Air       0%         3x3d6     100%        6
 Discord                  Hex            0%         N/A       100%        8
 Disjunction              Tloc           0%         N/A       100%        8


Dungeon Overview and Level Annotations

Branches:
Dungeon (5/15)
 Temple: D:4-7

Altars:
Fedhas

Shops:
D:3 (


Innate Abilities, Weirdness & Mutations

You are a tree.
Your roots penetrate the ground, keeping you stationary.
You cannot be teleported.
You are immune to unholy pain and torment.
Your maximum health is greatly increased.
Your equipment is partially melded.
((Your movements are slightly less encumbered by armour. (ER -2)))
((Your touch may inflict irresistible damage on your foes.))


Message History

The gnoll hits you with a +0 club. The gnoll bouda closely misses you.
The phantom hits you. The gnoll hits you but does no damage.
You are more poisoned.
The gnoll hits you with a +0 club.
* * * LOW HITPOINT WARNING * * *
* * * LOW HITPOINT WARNING * * *
You feel very sick. The gnoll hits you but does no damage.
You are more poisoned.
You feel better.
The phantom hits you but does no damage.
The gnoll barely misses you.
The gnoll hits you from afar with a +2 spear of venom.
* * * LOW HITPOINT WARNING * * *
You are lethally poisoned!
The gnoll attacks as you move away! The gnoll hits you but does no damage.
* * * LOW HITPOINT WARNING * * *
You feel very sick.
The gnoll bouda hits you with a +0 club.
* * * LOW HITPOINT WARNING * * *
It was a potion of lignification.
You turn into a tree.
Your +0 cloak of preservation melds into your body.
Your +0 helmet melds into your body.
Your +2 scale mail of cold resistance melds into your body.
You feel less resistant to cold.
Your roots penetrate the ground.
You feel sick.
The gnoll bouda hits you with a +0 club.
* * * LOW HITPOINT WARNING * * *
The phantom hits you but does no damage.
The gnoll hits you but does no damage.
You are lethally poisoned!
The gnoll hits you but does no damage.
Unknown command.
* * * LOW HITPOINT WARNING * * *
You feel very sick.
The gnoll bouda hits you with a +0 club.
* * * LOW HITPOINT WARNING * * *
The phantom hits you but does no damage.
The gnoll hits you but does no damage. The gnoll hits you with a +0 club.
You die...

#........## ...##..
##.#.#.#...##. .......
#............. #......
#..#.#.#.).... .......
##.............
.......###
#..##.#.#.....
.........###..#......#
........)gg....#.#.###
..........W♣....>...#
..........g....#.#.## #
........####........##..
.....?#####....#.#.#....
.....###................
.....
........)#.#.#..... ##..
........<)......... #..
#........#.#.#<....
##................


You could see a phantom, a gnoll bouda and 2 gnolls.

Vanquished Creatures
  Sigmund (D:3)
  Edmund (D:5)
  2 scorpions (D:4)
  A hound (D:4)
  A jelly (D:5)
  Crazy Yiuf (D:3)
  2 orc wizards
  6 adders
  7 gnolls
  4 worms
  3 dart slugs
  8 orcs
  3 ball pythons
  7 bats
  8 endoplasms
  4 giant cockroaches
  5 goblins
  6 hobgoblins
  6 kobolds
  A quokka (D:1)
  A frilled lizard (D:1)
  8 rats
86 creatures vanquished.

Vanquished Creatures (others)
  2 fungi (D:1)
  9 plants
11 creatures vanquished.

Grand Total: 97 creatures vanquished

Notes
Turn   | Place    | Note
-------+----------+-------------------------------------------
     0 | D:1      | milkiemew the Demonspawn Gladiator began the quest for the
                  | Orb.
     0 | D:1      | Reached XP level 1. HP: 16/16 MP: 1/1
   103 | D:1      | Reached skill level 3 in Long Blades
   182 | D:1      | Gained mutation: Your touch may inflict minor irresistible
                  | damage on your foes. [demonic ancestry]
   182 | D:1      | Reached XP level 2. HP: 22/22 MP: 2/2
   642 | D:1      | Gained mutation: Your movements are slightly less
                  | encumbered by armour. (ER -2) [demonic ancestry]
   642 | D:1      | Reached XP level 3. HP: 27/27 MP: 3/3
   670 | D:1      | Found a faded altar of an unknown god.
  1199 | D:2      | Found a blossoming altar of Fedhas.
  1219 | D:2      | Reached XP level 4. HP: 33/33 MP: 4/4
  1294 | D:2      | Reached skill level 4 in Long Blades
  1928 | D:3      | Found Opuuprod's Weapon Emporium.
  1943 | D:3      | Noticed Sigmund
  1952 | D:3      | Killed Sigmund
  1953 | D:3      | Reached skill level 5 in Long Blades
  1953 | D:3      | Reached skill level 1 in Armour
  1953 | D:3      | Reached XP level 5. HP: 40/40 MP: 5/5
  1979 | D:3      | Gained mutation: Your touch may inflict irresistible damage
                  | on your foes. [demonic ancestry]
  1979 | D:3      | Reached XP level 6. HP: 44/46 MP: 6/6
  2464 | D:3      | Found a runed translucent door.
  2465 | D:3      | Noticed Crazy Yiuf
  2474 | D:3      | Killed Crazy Yiuf
  2744 | D:4      | Reached skill level 6 in Long Blades
  2744 | D:4      | Reached skill level 1 in Staves
  2744 | D:4      | Reached XP level 7. HP: 52/52 MP: 7/7
  3044 | D:5      | Entered Level 5 of the Dungeon
  3049 | D:5      | Noticed Edmund
  3059 | D:5      | Killed Edmund
  3119 | D:5      | HP: 1/78 [gnoll bouda/+0 club (4)]
  3119 | D:5      | Slain by a gnoll

Illustrated notes

Levels and vault maps discovered:
D:1:      roderic_chinese_lattice_arrival, layout_basic,
          shapermc_ecumenical_altar_acropolis, dreamdust_wishing_well
D:2:      layout_basic, basic_altar
D:3:      layout_loops_ring, serial_shops, nicolae_shop_bloodbath_and_beyond,
          uniq_sigmund, uniq_crazy_yiuf_cottage
D:4:      layout_cave_pools, serial_bayou_lake_a
D:5:      layout_layer_cave, amethyst_overflow_temple_binary,
          ebering_ghost_gozag, st_stairs_13, uniq_duvessa, uniq_edmund

Skill      XL: |  1  2  3  4  5  6  7 |
---------------+----------------------+-----
Long Blades    | 3 5 6 |  6.0
Dodging        | 3 |  3.1
Throwing       | 2 |  2.2
Armour         | 1 2 |  2.4
Fighting       | 3 |  3.6
Staves         | 1 2 |  2.4

Action                   |  1- 3 |  4- 6 |  7- 9 || total
-------------------------+-------+-------+-------++-------
Melee: Long sword        |    98 |    61 |       ||   159
       Touch             |     7 |    10 |     1 ||    18
       Punch             |     2 |       |       ||     2
       Quarterstaff      |       |    39 |    14 ||    53
       Flail             |       |       |     8 ||     8
Throw: Throwing net      |     3 |     4 |     1 ||     8
       Javelin           |     1 |     3 |     1 ||     5
  Use: Scroll            |     4 |     3 |       ||     7
       Potion            |     3 |       |     6 ||     9
Armor: Leather armour    |    30 |       |       ||    30
       Plate armour      |    32 |    72 |    11 ||   115
       Scale mail        |       |       |    24 ||    24
       Skin              |       |       |     5 ||     5
Dodge: Dodged            |    62 |    38 |    26 ||   126

Table legend: (Time is in decaauts)
 A = Elapsed time spent in this place.
 B = Non-inter-level travel time spent in this place.
 C = Inter-level travel time spent in this place.
 D = Time resting spent in this place.
 E = Time spent auto-exploring this place.
 F = Levels seen in this place.
 G = Mean time per level.
                   A        B        C        D        E       F      G
               +--------+--------+--------+--------+--------+-----+--------+
         Total |   3192 |   3043 |    149 |      0 |   2224 |   5 |  638.4 |
       Dungeon |   3192 |   3043 |    149 |      0 |   2224 |   5 |  638.4 |
               +--------+--------+--------+--------+--------+-----+--------+

Top non-repeatable levels by time:
     D:2: 918 daAuts
     D:1: 881 daAuts
     D:3: 785 daAuts
     D:4: 528 daAuts
     D:5: 79 daAuts
